 Dungeon Crawl Stone Soup version 0.23-a0-303-gfcac5de (webtiles) character file.

234 Amnesiac the Ducker (level 5, -6/32 HPs)
             Began as a Deep Elf Fighter on Oct 8, 2018.
             Killed by nerve-wracking pain
             ... invoked by Jessica
              (12 damage)
             ... on level 3 of the Dungeon.
             The game lasted 00:05:23 (2321 turns).

Amnesiac the Ducker (Deep Elf Fighter)              Turns: 2321, Time: 00:05:24

Health: -6/32      AC:  6    Str: 14    XL:     5   Next: 75%
Magic:  7/7        EV: 11    Int: 13    God:
Gold:   211        SH:  8    Dex: 14    Spells: 4/4 levels left

rFire    . . .     SeeInvis .   k - +3 dagger (holy)
rCold    . . .     Gourm    .   c - +0 shield
rNeg     . . .     Faith    .   a - +0 troll leather armour {Purgy}
rPois    .         Spirit   .   i - +1 helmet
rElec    .         Reflect  .   (no cloak)
rCorr    .         Harm     .   (no gloves)
MR       .....                  (no boots)
Stlth    +.........             (no amulet)
HPRegen  0.50/turn              (no ring)
MPRegen  0.10/turn              (no ring)

@: slowed, very slow
A: no striking features
a: no special abilities


You were on level 3 of the Dungeon.
You were not hungry.

You visited 1 branch of the dungeon, and saw 4 of its levels.

You collected 211 gold pieces.

Inventory:

Hand Weapons
 k - a +3 dagger of holy wrath (weapon)
Missiles
 l - 22 arrows
Armour
 a - a +0 troll leather armour (worn) {Purgy}
 c - a +0 shield (worn)
 i - a +1 helmet (worn)
Scrolls
 b - a scroll of identify {!r}
 h - a scroll of amnesia {!r}
 n - 3 scrolls of remove curse {!r}
Potions
 p - a potion of brilliance {!q}
Comestibles
 f - 2 rations
 g - 7 chunks of flesh


   Skills:
 * Level 3.6 Fighting
   Level 2.0 Long Blades
 * Level 3.6 Armour
 + Level 3.6 Dodging
 - Level 2.4 Shields


You had 4 spell levels left.
You didn't know any spells.
Your spell library was empty.

Dungeon Overview and Level Annotations

Branches:
Dungeon (4/15)
 Temple: D:4-7

Altars:

Annotations:
D:2 1 exclusion
D:3 Jessica, Terence
D:4 Dowan, Duvessa


Message History

Jessica blinks!
The orc wizard points at you and mumbles some strange words.
The magic dart hits you! The orc wizard casts a spell at you.
You feel as though you will be slow longer.
You hit the orc wizard.
The orc wizard is severely wounded.
The orc wizard gestures at you while chanting.
The magic dart hits you!
* * * LOW HITPOINT WARNING * * *
The orc wizard barely misses you.
You hit the orc wizard but do no damage.
The orc wizard is severely wounded.
The orc wizard hits you but does no damage.
Jessica gestures wildly while chanting.
Jessica blinks!
You closely miss the orc wizard.
The orc wizard is severely wounded.
The orc wizard hits you but does no damage.
The orc wizard barely misses you.
You hit the orc wizard.
The orc wizard is almost dead.
The orc wizard hits you but does no damage.
You hit the orc wizard but do no damage.
The orc wizard is almost dead.
The orc wizard gestures at you while chanting.
The magic dart hits you!
* * * LOW HITPOINT WARNING * * *
Jessica casts a spell.
Jessica seems to speed up.
The orc wizard points at you and mumbles some strange words.
You resist with some effort.
You are too injured to fight recklessly!
You are too injured to fight recklessly!
Okay, then.
You closely miss the orc wizard.
The orc wizard is almost dead.
The orc wizard points at you and mumbles some strange words.
The magic dart hits you!
* * * LOW HITPOINT WARNING * * *
Jessica gestures wildly while chanting.
Jessica blinks!
You closely miss the orc wizard.
The orc wizard is almost dead.
The orc wizard mumbles some strange words.
The orc wizard blinks!
The orc wizard mumbles some strange words.
The orc wizard seems to speed up.
Okay, then.
The orc wizard hits you but does no damage.
You hit the orc wizard.
You kill the orc wizard!
You barely miss Jessica.
Jessica is lightly wounded.
Jessica points at you and mumbles some strange words.
You struggle to resist.
Jessica points at you and mumbles some strange words.
You easily resist.
You closely miss Jessica.
Jessica gestures wildly while chanting.
Jessica blinks!
Jessica gestures at you while chanting. Pain shoots through your body!
You die...

..,,,* *,*,* ****...****
#***,*********.#.## *...* #
*,**,,.,,,,....# *...* #
*,,*,,..,,**#..# *#.#* #
*,,........##..##### #.#
####.,#.......##......# #.#
......#.......##......####.##
........#.##.............[..#
..............##@...@.#####.#
##.####.#.#...##ยง.....#####.#
**,##.........##))#.........#
**,*.....$.@..)...########..###
,,,,..........##.## #....#
.,,,......#......# #.##.#
**,,......#..##### #.##.#
*,,.....*#..# #.##.##
*..#...#*#..# #.....#


You could see Jessica.

Vanquished Creatures
  Purgy (D:3)
  An orc wizard (D:3)
  Ijyb (D:3)
  An adder (D:2)
  An ooze (D:1)
  A dart slug (D:2)
  6 orcs
  A giant cockroach (D:3)
  11 goblins
  8 hobgoblins
  8 jackals
  2 ball pythons
  5 bats
  5 frilled lizards
  5 kobolds (D:1)
  8 rats
  A fungus (D:1)
66 creatures vanquished.

Notes
Turn   | Place    | Note
-------+----------+-------------------------------------------
     0 | D:1      | Amnesiac the Deep Elf Fighter began the quest for the Orb.
     0 | D:1      | Reached XP level 1. HP: 13/13 MP: 3/3
    13 | D:1      | Reached skill level 1 in Dodging
    70 | D:1      | Reached XP level 2. HP: 16/18 MP: 4/4
   218 | D:3      | Noticed Purgy
   852 | D:1      | Reached XP level 3. HP: 22/22 MP: 5/5
  1730 | D:2      | Reached XP level 4. HP: 20/27 MP: 6/6
  2006 | D:3      | Noticed Ijyb
  2063 | D:3      | Noticed Terence
  2172 | D:4      | Noticed Duvessa
  2172 | D:4      | Noticed Dowan
  2244 | D:3      | Killed Purgy
  2244 | D:3      | Reached XP level 5. HP: 18/32 MP: 7/7
  2283 | D:3      | Noticed Jessica
  2297 | D:3      | Killed Ijyb
  2314 | D:3      | HP: 1/32 [orc wizard/magic dart (6)]
  2321 | D:3      | Killed from afar by Jessica

Vault maps used:
D:1:      roderic_crossed_star, grunt_decor_resistance,
          minmay_gold_behind_fungi, minmay_tall_x
D:2:      corexii_item_surrounded_by_moat, kennysheep_generic_room_8
D:3:      uniq_terence, uniq_purgy, uniq_ijyb, uniq_jessica
D:4:      nicolae_overflow_crystal_walls, nemelex_xobeh_ov_fountains_minmay,
          first_ration, minmay_shop_grid_forest, uniq_duvessa

Skill      XL: |  1  2  3  4 |
---------------+-------------+-----
Long Blades    | 2 |  2.0
Dodging        | 1 2 3 |  3.6
Armour         | 3 |  3.6
Fighting       | 3 |  3.6
Shields        | |  2.4

Action                   |  1- 3 |  4- 6 || total
-------------------------+-------+-------++-------
Melee: Long sword        |     4 |       ||     4
       Short sword       |   139 |       ||   139
       Dagger            |    67 |    85 ||   152
  Use: Scroll            |     5 |     2 ||     7
       Potion            |       |     4 ||     4
  Eat: Chunk             |     3 |     2 ||     5
Armor: Scale mail        |    89 |    24 ||   113
       Troll leather arm |       |    10 ||    10
Dodge: Dodged            |    63 |    50 ||   113
Block: Shield            |   104 |    39 ||   143

Table legend:
 A = Non-vault XP
 B = Vault XP
 C = Vault XP percentage of total XP
 D = Non-vault monster count
 E = Vault monster count
 F = Vault count percentage of total count
                 A         B        C        D         E       F
            +---------+---------+-------+---------+---------+-------
      Total |     157 |     178 |  53.1 |      58 |       7 |  10.8
            +---------+---------+-------+---------+---------+-------
        D:1 |      35 |       7 |  16.7 |      20 |       4 |  16.7
        D:2 |      62 |       1 |   1.6 |      27 |       1 |   3.6
        D:3 |      60 |     170 |  73.9 |      11 |       2 |  15.4
            +---------+---------+-------+---------+---------+-------
